 Dungeon Crawl Stone Soup version 0.23-a0-329-g6f3f904 (webtiles) character file.

14067 Garbasso the Thrower (level 11, -1/111 HPs)
             Began as a Troll Arcane Marksman on Oct 16, 2018.
             Was a High Priest of Okawaru.
             Slain by a blink frog (11 damage)
             ... on level 2 of the Lair of Beasts.
             The game lasted 00:55:53 (12322 turns).

Garbasso the Thrower (Troll Arcane Marksman)       Turns: 12322, Time: 00:55:54

Health: -1/111     AC:  7    Str: 20    XL:     11   Next: 83%
Magic:  0/11       EV: 13    Int: 16    God:    Okawaru [*****.]
Gold:   667        SH:  0    Dex: 14    Spells: 5/12 levels left

rFire    . . .     SeeInvis .     - Unarmed
rCold    . . .     Gourm    +   (no shield)
rNeg     + . .     Faith    .   T - +2 robe {rN+}
rPois    .         Spirit   +   (helmet restricted)
rElec    .         Reflect  .   (no cloak)
rCorr    .         Harm     .   (gloves unavailable)
MR       .....                  (boots unavailable)
Stlth    +.........             s - amulet of guardian spirit
HPRegen  0.68/turn              L - +4 ring of intelligence
MPRegen  0.12/turn              r - +4 ring of dexterity

@: lethally poisoned (-1 -> -1)
A: large, unfitting armour, claws 3, fast metabolism 3, gourmand, regeneration
1, shaggy fur 1, tough skin 2
a: Heroism, Finesse, Renounce Religion


You were on level 2 of the Lair of Beasts.
You worshipped Okawaru.
Okawaru was extremely pleased with you.
You were not hungry.

You visited 3 branches of the dungeon, and saw 14 of its levels.
You also visited: Sewer and Ossuary.

You collected 764 gold pieces.
You spent 97 gold pieces at shops.

Inventory:

Hand Weapons
 b - a +3 blowgun
Missiles
 c - 13 large rocks {=f}
 d - 2 throwing nets {=f}
 e - 496 stones (quivered)
 k - 10 tomahawks
 u - 12 javelins
 x - 43 poisoned needles
 C - 5 needles of paralysis
 J - 3 javelins of returning
Armour
 T - a +2 robe of positive energy (worn)
Magical Staves
 w - an uncursed staff of wizardry
Jewellery
 r - a +4 ring of dexterity (right claw)
 s - an amulet of guardian spirit (around neck)
 B - an uncursed ring of ice
 H - an uncursed ring of flight
 L - a +4 ring of intelligence (left claw)
Wands
 a - a wand of iceblast (10)
 v - a wand of flame (21)
 y - a wand of random effects (29)
 D - a wand of polymorph (7)
 K - a wand of acid (14)
 N - a wand of paralysis (32)
Scrolls
 h - 2 scrolls of fog
 i - 3 scrolls of amnesia
 l - 2 scrolls of blinking
 n - 2 scrolls of magic mapping
 o - 10 scrolls of remove curse
 p - 12 scrolls of teleportation
 F - a scroll of immolation
 P - 2 scrolls of fear
Potions
 g - 4 potions of lignification
 j - 2 potions of heal wounds
 m - 2 potions of flight
 q - a potion of haste {unknown}
 t - a potion of brilliance {unknown}
 z - 2 potions of might
 A - 4 potions of curing
 E - 4 potions of agility
 G - 3 potions of cancellation
 I - a potion of invisibility {unknown}
 M - a potion of resistance {unknown}
 R - 3 potions of mutation
Comestibles
 f - 24 rations


   Skills:
 + Level 8.0 Fighting
 * Level 10.2 Throwing
 + Level 5.8 Dodging
 + Level 9.5 Unarmed Combat
 - Level 1.0 Spellcasting
 - Level 3.0 Hexes
 - Level 3.0 Translocations


You had 5 spell levels left.
You knew the following spells:

 Your Spells              Type           Power        Failure   Level  Hunger
a - Confusing Touch       Hex            ##....       7%          1    ##.....
b - Portal Projectile     Hex/Tloc       ##....       21%         3    ####...
c - Corona                Hex            ##.....      7%          1    ##.....
d - Blink                 Tloc           N/A          10%         2    ###....

Your spell library contained the following spells:

 Spells                   Type           Power        Failure   Level  Hunger
 Apportation              Tloc           ##....       7%          1    ##.....
 Slow                     Hex            ##......     10%         2    ###....
 Animate Skeleton         Necr           N/A          22%         1    ##.....
 Magic Dart               Conj           #...         22%         1    ##.....
 Shock                    Conj/Air       #...         22%         1    ##.....
 Summon Small Mammal      Summ           #...         22%         1    ##.....
 Call Imp                 Summ           #.......     34%         2    ###....
 Swiftness                Chrm/Air       #.......     34%         2    ###....
 Inner Flame              Hex/Fire       #.......     36%         3    ####...
 Cause Fear               Hex            ##........   54%         4    #####..
 Conjure Flame            Conj/Fire      #.......     56%         3    ####...
 Mephitic Cloud           Conj/Pois/Air  #.......     56%         3    ####...
 Static Discharge         Conj/Air       #.......     56%         3    ####...
 Leda's Liquefaction      Hex/Erth       #.........   77%         4    #####..
 Airstrike                Air            #.........   92%         4    #####..
 Lightning Bolt           Conj/Air       #.........   99%         5    ######.


Dungeon Overview and Level Annotations

Branches:
Dungeon (10/15)            Temple (1/1) D:4            Lair (3/6) D:10
  Swamp (0/4) Lair:2       Spider (0/4) Lair:2
    Orc: D:9-12

Altars:
Ashenzari
Cheibriados
Dithmenos
Elyvilon
Fedhas
Gozag
Hepliaklqana
Kikubaaqudgha
Makhleb
Nemelex Xobeh
Okawaru
Qazlal
Trog
Uskayaw
Vehumet
Wu Jian
Xom
Yredelemnul
The Shining One

Shops:
D:4 (   D:6 ?

Annotations:
D:7 2 transporters
D:8 3 runed doors, wazuzu's ghost, novice MfTm
D:9 exclusion: oklob plant
Lair:1 exclusion: oklob plant


Innate Abilities, Weirdness & Mutations

You are too large for most types of armour.
You have claws for hands.
Your metabolism is lightning-fast.
You like to eat raw meat.
Your natural rate of healing is unusually fast.
You are covered in fur. (AC +1)
You have very tough skin. (AC +2)


Message History

A blink frog comes into view.
The blink frog croaks.
The blink frog gives a loud, deep croak!
The blink frog blinks!
Found a war axe.
You feel sick. The blink frog closely misses you.
The blink frog blinks!
The blink frog croaks.
The blink frog barely misses you. The blink frog completely misses you.
There is a stone staircase leading up here.
The blink frog misses you. The blink frog completely misses you.
The blink frog hits you but does no damage.
The blink frog blinks!
You climb upwards.
There is a stone staircase leading down here.
Casting: Corona (safe; 7% risk of failure)
Confirm with . or Enter, or press ? or * to list all spells.
You blink.
You feel sick. The blink frog hits you!
* * * LOW HITPOINT WARNING * * *
The blink frog hits you!
You die...

### ..### ....# #...#
###### ##..###
##.##.## .#....##
#.@....# ##.....#
#####.FF..##
......#####.##...ยง..#
......'.......+.F...#
.##...#####.##......#
##....P# #.####.....#
#....P## ####..###..##
......## #####P...#
......P# ###.##


You could see 3 blink frogs.

Vanquished Creatures
  A hydra (Lair:2)
  A death yak (Lair:2)
  An oklob plant (D:10)
  A black mamba (Lair:2)
  A torpor snail (Lair:2)
  4 spiny frogs
  A rime drake (Lair:2)
  A polar bear (Lair:2)
  2 blink frogs (Lair:3)
  4 hippogriffs
  A wyvern (D:9)
  A spriggan (D:7)
  Eustachio (D:4)
  7 yaks
  A hungry ghost (D:8)
  3 vampire mosquitoes (Lair:2)
  Duvessa (D:4)
  6 porcupines
  2 water moccasins (Lair:1)
  2 orc warriors
  5 ice beasts
  2 phantoms
  5 sky beasts
  3 wolves (Lair:1)
  3 ogres
  4 centaurs
  3 crocodiles
  6 big kobolds
  8 bullfrogs
  Blork the orc (D:4)
  Dowan (D:4)
  2 water moccasin zombies (Ossuary)
  A water moccasin skeleton (D:6)
  4 scorpions
  A howler monkey (D:7)
  5 crimson imps
  2 quasits (D:9)
  5 hounds
  11 jellies
  A bullfrog skeleton (D:9)
  2 bullfrog zombies
  8 orc priests
  15 orc wizards
  12 worker ants
  5 iguanas
  A killer bee zombie (D:10)
  3 big kobold zombies (Ossuary)
  2 mummies (Ossuary)
  A worker ant zombie (D:9)
  A howler monkey skeleton (D:10)
  10 adders
  2 river rats (Sewer)
  2 shadow imps
  17 oozes
  5 adder zombies
  2 adder skeletons
  8 worms
  A dart slug (D:1)
  A leopard gecko (D:3)
  39 orcs
  12 giant cockroaches
  7 goblins
  4 hobgoblins
  8 jackals
  22 kobolds
  5 quokkas
  4 ball pythons
  8 bats
  4 frilled lizards
  4 gnoll zombies (Ossuary)
  7 hobgoblin zombies (Ossuary)
  4 kobold zombies (Ossuary)
  5 orc zombies (Ossuary)
  A quokka skeleton (D:7)
  A quokka zombie (D:7)
  8 rats
  A plant (D:10)
357 creatures vanquished.

Vanquished Creatures (others)
  A kobold (D:10)
  6 fungi
  A plant (Lair:3)
8 creatures vanquished.

Grand Total: 365 creatures vanquished

Notes
Turn   | Place    | Note
-------+----------+-------------------------------------------
     0 | D:1      | Garbasso the Troll Arcane Marksman began the quest for the
                  | Orb.
     0 | D:1      | Reached XP level 1. HP: 18/18 MP: 1/1
    89 | D:1      | Reached skill level 2 in Throwing
    93 | D:1      | Reached skill level 1 in Fighting
   154 | D:1      | Reached XP level 2. HP: 27/27 MP: 2/2
   354 | D:1      | Reached skill level 1 in Unarmed Combat
   501 | D:2      | Reached XP level 3. HP: 33/33 MP: 3/3
  1118 | D:3      | Found a snail-covered altar of Cheibriados.
  1341 | D:3      | Reached skill level 3 in Throwing
  1355 | D:3      | Found an ornate altar of the Wu Jian Council.
  1357 | D:3      | Found a sparkling altar of Nemelex Xobeh.
  1602 | D:3      | Reached XP level 4. HP: 41/41 MP: 4/4
  1664 | D:3      | Found a glowing drain.
  1668 | Sewer    | Entered a sewer
  1691 | Sewer    | Noticed a big kobold
  1706 | Sewer    | Killed a big kobold
  1706 | Sewer    | Reached XP level 5. HP: 39/49 MP: 5/5
  2161 | Sewer    | Reached skill level 4 in Throwing
  2257 | Sewer    | Reached XP level 6. HP: 48/59 MP: 6/6
  3068 | D:4      | Noticed Blork the orc
  3076 | D:4      | Killed Blork the orc
  3076 | D:4      | Reached skill level 5 in Throwing
  3076 | D:4      | Reached XP level 7. HP: 62/67 MP: 7/7
  3149 | D:4      | Got a wizard robe
  3160 | D:4      | Identified the +1 robe "Fuipub" {rC- Str+3} (You found it
                  | on level 4 of the Dungeon)
  3237 | D:4      | Found a sand-covered staircase.
  3246 | Ossuary  | Entered an ossuary
  3647 | D:4      | Found Pofaurhe's Weapon Emporium.
  3683 | D:4      | Found a staircase to the Ecumenical Temple.
  3683 | D:4      | Noticed Eustachio
  3698 | D:4      | Learned a level 3 spell: Portal Projectile
  3760 | Temple   | Entered the Ecumenical Temple
  3922 | Temple   | Became a worshipper of Warmaster Okawaru
  3979 | D:4      | Killed Eustachio
  3979 | D:4      | Reached skill level 6 in Throwing
  4181 | D:4      | Noticed Dowan
  4187 | D:4      | Noticed Duvessa
  4193 | D:4      | Killed Duvessa
  4193 | D:4      | Reached XP level 8. HP: 78/78 MP: 4/8
  4198 | D:4      | Killed Dowan
  4198 | D:4      | Reached * piety under Okawaru
  4480 | D:4      | Learned a level 1 spell: Confusing Touch
  4614 | D:5      | Entered Level 5 of the Dungeon
  4656 | D:5      | You fall through a shaft for 3 floors!
  4918 | D:7      | Reached skill level 5 in Unarmed Combat
  5003 | D:7      | Found a transporter.
  5128 | D:7      | Found a transporter.
  5178 | D:7      | Reached skill level 7 in Throwing
  5411 | D:6      | Reached ** piety under Okawaru
  5482 | D:6      | Reached XP level 9. HP: 81/87 MP: 5/9
  5656 | D:6      | Reached skill level 1 in Translocations
  5663 | D:6      | Found Oledenes's Magic Scroll Emporium.
  5669 | D:6      | Bought a scroll of identify for 26 gold pieces
  5669 | D:6      | Bought a scroll of fog for 26 gold pieces
  5669 | D:6      | Bought a scroll of fear for 45 gold pieces
  5928 | D:6      | Found an iron altar of Okawaru.
  5967 | D:5      | Reached skill level 5 in Fighting
  6530 | D:6      | Found a basalt altar of Yredelemnul.
  6665 | D:6      | Found a radiant altar of Vehumet.
  7203 | D:7      | Reached *** piety under Okawaru
  7211 | D:7      | Noticed a troll
  7228 | D:7      | Found a burning altar of Makhleb.
  7562 | D:8      | Reached skill level 8 in Throwing
  7611 | D:8      | Found an opulent altar of Gozag.
  7767 | D:8      | Found a shadowy altar of Dithmenos.
  7769 | D:8      | Found a shattered altar of Ashenzari.
  7769 | D:8      | Found a snail-covered altar of Cheibriados.
  7778 | D:8      | Found a blossoming altar of Fedhas.
  7778 | D:8      | Found a burning altar of Makhleb.
  7778 | D:8      | Found a shimmering altar of Xom.
  7808 | D:8      | Found a runed gate.
  7808 | D:8      | Found a runed gate.
  7808 | D:8      | Found a runed gate.
  7813 | D:8      | Noticed wazuzu's ghost (novice MfTm)
  7814 | D:8      | Found an opulent altar of Gozag.
  7972 | D:8      | Reached XP level 10. HP: 39/98 MP: 1/10
  8565 | D:9      | Learned a level 2 spell: Blink
  8877 | D:9      | Noticed an oklob plant
  9133 | D:9      | Found a bloodstained altar of Trog.
  9221 | D:10     | Entered Level 10 of the Dungeon
  9339 | D:10     | Reached **** piety under Okawaru
  9771 | D:10     | Noticed an oklob plant
  9958 | D:10     | Found a staircase to the Lair.
  9972 | D:10     | Killed an oklob plant
  9972 | D:10     | Reached skill level 9 in Throwing
  9988 | Lair:1   | Entered Level 1 of the Lair of Beasts
 10151 | Lair:1   | Received a gift from Okawaru
 10362 | Lair:1   | Noticed an oklob plant
 10396 | Lair:1   | Noticed a spiny frog
 10405 | Lair:1   | Killed a spiny frog
 10405 | Lair:1   | Reached XP level 11. HP: 75/109 MP: 7/11
 10687 | Lair:1   | Received a gift from Okawaru
 10977 | Lair:2   | Noticed a death yak
 11256 | Lair:2   | Killed a death yak
 11256 | Lair:2   | Reached ***** piety under Okawaru
 11256 | Lair:2   | Reached skill level 5 in Dodging
 11270 | Lair:2   | Received a gift from Okawaru
 11535 | Lair:2   | Found a hole to the Spider Nest.
 11697 | Lair:2   | Found a staircase to the Swamp.
 11870 | Lair:2   | Noticed an eight-headed hydra
 11873 | Lair:2   | Killed an eight-headed hydra
 11873 | Lair:2   | Received a gift from Okawaru
 11873 | Lair:2   | Reached skill level 10 in Throwing
 12283 | Lair:3   | Received a gift from Okawaru
 12322 | Lair:2   | Slain by a blink frog

Vault maps used:
D:1:      grunt_arrival_lava_bath
D:2:      first_ration, minivault_26
D:3:      chequers_temple_overflow_statue_of_worship, gup_sewer_entry_spiral,
          chequers_big_river, cheibriados_altar_1
D:4:      minmay_temple_entry_statues, lightli_ossuary_entry_decrepit_ruins,
          serial_shops, shop, uniq_blork_the_orc, uniq_eustachio, uniq_duvessa
D:6:      kennysheep_mini, lemuel_doored_altar, basic_altar, serial_shops,
          shop_scrolls, skrybe_limestone_x, lightli_corner_chamber
D:7:      gammafunk_the_bubble, lightli_temple_of_fire, the_bakery
D:8:      nicolae_gozag_cash_rules_everything_around_me, doesnt_xom_only_xom,
          ebering_ghost_gozag
D:9:      lemuel_slime, david_defended_altar_orc
D:10:     dpeg_oklobed_lair
Temple:   regret_index_temple_generic_petals
Lair:1:   minmay_lair_oklob_chamber
Lair:2:   minmay_swamp_entry_swarm, nicolae_spider_entry_non_spiders
Lair:3:   st_stairs_12
Sewer:    sewer_co_tree
Ossuary:  ossuary_tomb_2

Skill      XL: |  1  2  3  4  5  6  7  8  9 10 11 |
---------------+----------------------------------+-----
Throwing       | 2 3 4 5 6 7 8 9 10 | 10.2
Fighting       | 1 2 3 4 5 7 8 |  8.0
Unarmed Combat | 1 2 3 4 5 6 8 9 |  9.5
Hexes          | 3 |  3.0
Translocations | 3 |  3.0
Dodging        | 2 4 5 |  5.8
Spellcasting   | |  1.0

Action                   |  1- 3 |  4- 6 |  7- 9 | 10-12 || total
-------------------------+-------+-------+-------+-------++-------
Melee: Unarmed           |   132 |   164 |   465 |   400 ||  1161
       Punch             |       |     3 |    15 |    24 ||    42
 Fire: Blowgun           |       |    23 |     3 |    45 ||    71
Throw: Stone             |    18 |    31 |    73 |    61 ||   183
       Javelin           |       |     2 |    10 |    29 ||    41
       Tomahawk          |       |       |    14 |    16 ||    30
       Large rock        |       |       |     1 |    17 ||    18
 Cast: Corona            |     3 |     1 |     7 |    13 ||    24
       Portal Projectile |       |       |     1 |       ||     1
       Confusing Touch   |       |       |    15 |    18 ||    33
       Blink             |       |       |       |     3 ||     3
Invok: Heroism           |       |       |     4 |     9 ||    13
  Use: Scroll            |       |       |    19 |     5 ||    24
       Potion            |       |       |     1 |     3 ||     4
 Stab: Confused          |       |       |     1 |     4 ||     5
       Sleeping          |       |       |     2 |       ||     2
       Distracted        |       |       |     1 |       ||     1
  Eat: Chunk             |    19 |    16 |    40 |    39 ||   114
       Ration            |       |       |     2 |       ||     2
Armor: Robe              |    63 |    46 |   120 |    89 ||   318
       Skin              |       |       |     4 |       ||     4
Dodge: Dodged            |    73 |    64 |   181 |   188 ||   506

Table legend:
 A = Non-vault XP
 B = Vault XP
 C = Vault XP percentage of total XP
 D = Non-vault monster count
 E = Vault monster count
 F = Vault count percentage of total count
                 A         B        C        D         E       F
            +---------+---------+-------+---------+---------+-------
      Total |   16630 |    3467 |  17.3 |     251 |     106 |  29.7
            +---------+---------+-------+---------+---------+-------
        D:1 |      34 |       0 |   0.0 |      16 |       0 |   0.0
        D:2 |      15 |       0 |   0.0 |      11 |       0 |   0.0
        D:3 |      57 |      30 |  34.5 |      25 |       8 |  24.2
        D:4 |     115 |     533 |  82.3 |      11 |       4 |  26.7
        D:5 |     497 |       0 |   0.0 |      13 |       0 |   0.0
        D:6 |     888 |       0 |   0.0 |      23 |       0 |   0.0
        D:7 |    1452 |     215 |  12.9 |      31 |       1 |   3.1
        D:8 |     935 |       0 |   0.0 |      18 |       0 |   0.0
        D:9 |    1397 |     532 |  27.6 |      30 |      22 |  42.3
       D:10 |    1449 |     610 |  29.6 |      35 |       1 |   2.8
     Lair:1 |    3082 |       0 |   0.0 |      16 |       0 |   0.0
     Lair:2 |    5507 |     722 |  11.6 |      17 |      11 |  39.3
     Lair:3 |    1202 |       0 |   0.0 |       5 |       0 |   0.0
      Sewer |       0 |     513 | 100.0 |       0 |      28 | 100.0
    Ossuary |       0 |     312 | 100.0 |       0 |      31 | 100.0
            +---------+---------+-------+---------+---------+-------
